 Dungeon Crawl Stone Soup version 0.32-a0-468-g38b2580584 (webtiles) character file.

Game seed: 18250942259848398755

19727 CougarLife the Geomancer (level 12, -15/59 HPs)
             Began as a Gargoyle Earth Elementalist on Feb 25, 2024.
             Was an Initiate of Gozag.
             Demolished by a komodo dragon (25 damage)
             ... on level 1 of the Lair of Beasts.
             The game lasted 00:21:05 (15775 turns).

CougarLife the Geomancer (GrEE)                    Turns: 15775, Time: 00:21:06

Health: -15/59     AC: 13    Str: 12    XL:     12   Next: 72%
Magic:  24/26      EV: 10    Int: 27    God:    Gozag
Gold:   1765       SH: 13    Dex: 10    Spells: 27/31 levels left

rFire   + + +        F - +5 spear of the Yoke {protect, rElec rC+ rN+}
rCold   + + +        g - +2 shield of Resistance {rF++ rC++ Will++}
rNeg    + + .        K - +2 robe {rF+}
rPois   ∞            (no helmet)
rElec   +            (no cloak)
rCorr   .            (no gloves)
SInv    +            G - +0 pair of boots {Fly}
Will    ++...        v - amulet of regeneration
Stlth   ++           A - ring of see invisible
HPRegen 1.09/turn    k - +6 ring of intelligence
MPRegen 0.20/turn

%: no passive effects
@: flying, studying Stealth
A: sickness immunity, AC +8, negative energy resistance 1, electricity
resistance, torment resistance 1, petrification resistance
a: Renounce Religion, Potion Petition, Call Merchant, Bribe Branch


You were on level 1 of the Lair of Beasts.
You worshipped Gozag.
Gozag was most pleased with you.
You visited 3 branches of the dungeon, and saw 14 of its levels.
You also visited: Bailey.

You collected 2526 gold pieces.
You spent 436 gold pieces at shops.
You paid 325 gold pieces to Gozag.

Inventory:

Hand Weapons
 F - the +5 spear of the Yoke (weapon) {protect, rElec rC+ rN+}
   (You bought it in a shop on level 6 of the Dungeon)

   rC+:       It protects you from cold.
   rElec:     It insulates you from electricity.
   rN+:       It protects you from negative energy.
Missiles
 n - 4 throwing nets
Armour
 g - the +2 shield of Resistance (worn) {rF++ rC++ Will++}
   (You found it on level 7 of the Dungeon)

   rF++:      It greatly protects you from fire.
   rC++:      It greatly protects you from cold.
   Will++:    It greatly increases your willpower.
 G - a +0 pair of boots of flying (worn)
 K - a +2 robe of fire resistance (worn)
Jewellery
 k - a +6 ring of intelligence (right hand)
 v - an amulet of regeneration (around neck)
 A - a ring of see invisible (left hand)
Wands
 h - a wand of paralysis (10)
 s - a wand of roots (7)
 E - a wand of flame (10)
 I - a wand of quicksilver (3)
Scrolls
 c - 2 scrolls of fear
 d - 2 scrolls of vulnerability
 e - 3 scrolls of poison {unknown}
 f - 2 scrolls of blinking
 j - 6 scrolls of teleportation
 l - 2 scrolls of immolation
 m - 5 scrolls of amnesia
 o - a scroll of fog {unknown}
 y - a scroll of enchant weapon {unknown}
 C - 3 scrolls of enchant armour
Potions
 b - 2 potions of berserk rage {unknown}
 i - a potion of cancellation {unknown}
 p - 4 potions of heal wounds
 q - a potion of haste {unknown}
 r - 3 potions of mutation {unknown}
 t - 3 potions of ambrosia {unknown}
 u - 5 potions of enlightenment {unknown}
 w - 3 potions of brilliance {unknown}
 x - 3 potions of lignification {unknown}
 z - a potion of resistance {unknown}
 B - 2 potions of curing {unknown}
 D - 2 potions of degeneration {unknown}
 H - a potion of might {unknown}


   Skills:
 - Level 1.5 Dodging
 - Level 2.1 Stealth
 * Level 10.7 Shields
 + Level 10.2 Spellcasting
 + Level 11.5 Conjurations
 + Level 13.0 Earth Magic


You had 27 spell levels left.
You knew the following spells:

 Your Spells              Type           Power      Damage    Failure   Level
a - Sandblast             Erth           100%       2d20      1%          1
b - Stone Arrow           Conj/Erth      100%       3d13      1%          3

Your spell library contained the following spells:

 Spells                   Type           Power      Damage    Failure   Level
 Passwall                 Erth           71%        N/A       1%          3
 Brom's Barrelling Bould  Conj/Erth      69%        2d8       1%          4
 Hailstorm                Conj/Ice       45%        3d10      2%          3
 Petrify                  Alch/Erth      49%        N/A       7%          4
 Freeze                   Ice            52%        1d6       11%         1
 Necrotise                Necr           52%        1d6       11%         1
 Call Canine Familiar     Summ           13%        N/A       30%         3
 Frozen Ramparts          Ice            26%        1d4       30%         3
 Ozocubu's Armour         Ice            13%        N/A       30%         3
 Sigil of Binding         Hex            13%        N/A       30%         3
 Vampiric Draining        Necr           13%        2d6       30%         3
 Dimensional Bullseye     Hex/Tloc       6%         N/A       71%         4
 Martyr's Knell           Necr/Summ      13%        N/A       71%         4
 Passage of Golubria      Tloc           13%        N/A       71%         4
 Curse of Agony           Necr           13%        N/A       96%         5
 Metabolic Englaciation   Hex/Ice        6%         N/A       96%         5
 Silence                  Hex/Air        6%         N/A       96%         5
 Lehudib's Crystal Spear  Conj/Erth      34%        10d9      99%         8
 Sculpt Simulacrum        Ice/Alch       6%         N/A       100%        6


Dungeon Overview and Level Annotations

Branches:
Dungeon (11/15)            Temple (1/1) D:6            Lair (2/5) D:8
 Bailey (visited)
  Swamp: Lair:2-3    Shoals: Lair:2-3     Snake: Lair:2-3    Spider: Lair:2-3
    Orc: D:9-12

Altars:
Ashenzari
Cheibriados
Dithmenos
Elyvilon
Fedhas
Gozag
Hepliaklqana
Kikubaaqudgha
Makhleb
Nemelex Xobeh
Okawaru
Qazlal
Ru
Sif Muna
Trog
Uskayaw
Vehumet
Wu Jian
Xom
Yredelemnul
Zin
The Shining One

Shops:
D:2 !   D:6 (?=*[   D:8 (*   D:11 (


Innate Abilities, Weirdness & Mutations

You are immune to sickness and miasma.
Your stone body is resilient. (AC +8)
You are immune to poison.
You resist negative energy. (rN+)
You are resistant to electric shocks. (rElec)
You are resistant to unholy torment.
You are immune to petrification.


Message History

A nearby plant withers and dies.
You start resting.
Magic restored.
You fly downwards.
You block the water moccasin's attack. You block the komodo dragon's attack.
You block the water moccasin's attack.
There is a stone staircase leading up here.
You block the water moccasin's attack. The komodo dragon closely misses you.
You fly upwards.
There is a stone staircase leading down here.
Casting: Stone Arrow (safe; 1% risk of failure)
Confirm with . or Enter, or press ? or * to list all spells.
Aiming: Sandblast (safe; 1% risk of failure)
Press: ? - help, Shift-Dir - straight line, f - komodo dragon
Aim: a komodo dragon (89% to hit)
The blast of sand hits the komodo dragon.
The komodo dragon is lightly wounded.
The water moccasin bites you but does no damage.
You block the komodo dragon's attack. You block the water moccasin's attack.
The komodo dragon bites you!!
Casting: Sandblast (safe; 1% risk of failure)
Confirm with . or Enter, or press ? or * to list all spells.
Aiming: Sandblast (safe; 1% risk of failure)
Press: ? - help, Shift-Dir - straight line, f/p - komodo dragon
Aim: a komodo dragon (lightly wounded, 89% to hit)
The blast of sand hits the komodo dragon.
The komodo dragon is lightly wounded.
The water moccasin barely misses you. You block the water moccasin's attack.
You block the komodo dragon's attack.
Casting: Sandblast (safe; 1% risk of failure)
Confirm with . or Enter, or press ? or * to list all spells.
Aiming: Sandblast (safe; 1% risk of failure)
Press: ? - help, Shift-Dir - straight line, f - water moccasin, p - komodo dragon
Aim: a water moccasin (76% to hit)
The blast of sand hits the water moccasin!!
The water moccasin is almost dead.
The water moccasin bites you. The komodo dragon bites you!!
* * * LOW HITPOINT WARNING * * *
The water moccasin barely misses you. The komodo dragon bites you!!
You die...
Your body crumbles into a pile of gold.

#..#..####....# #.#.
#..#### #....# #.#.
##..# #....## ##.#^
#...## #...<.# #..#.
##..P# #....## ##.#.
#..## #....# #.#. #..#
#....# ##... #..#
#$...###### #..## #..#
##@l...#P#.#####... #..#
#S................. #..#
#.............##### #..#
####.######.##..# #.
#..####.#..# ####.## ##
#..........# #.# #.
#..........## ##.## ##
##...........## ####...#
#
#P..........#.###.###.##
#


You could see a komodo dragon and a water moccasin.

Vanquished Creatures
  Snorg (D:10)
  2 two-headed ogres (D:10)
  Urug (D:10)
  Amaemon (Lair:1)
  Pikel (D:7)
  Maurice (D:10)
  Joseph (D:7)
  A black mamba (Lair:1)
  5 cane toads (Lair:1)
  An orange demon (Lair:1)
  Jeremiah (D:7)
  An unseen horror (D:10)
  Psyche (D:8)
  A komodo dragon (D:8)
  A troll (D:9)
  A hornet (D:10)
  Prince Ribbit (D:6)
  2 slime creatures (D:8)
  Sigmund (D:4)
  A shadow (D:11)
  2 wyverns
  35 yaks
  Grum (D:10)
  Edmund (D:6)
  An acid dragon (D:8)
  5 water moccasins
  A black bear (D:5)
  9 orc warriors
  An ice beast (D:8)
  7 wolves
  2 ogres (D:5)
  7 centaurs
  A lemure (D:7)
  9 kobold brigands
  5 bullfrogs
  A scorpion (D:6)
  9 wights
  4 howler monkeys
  2 bombardier beetles
  An iron imp (D:9)
  7 jellies
  3 gnoll boudas
  2 orc priests
  4 hounds
  Ijyb (D:3)
  4 iguanas
  4 orc wizards
  18 gnolls
  4 adders
  A shadow imp (D:5)
  A white imp (D:7)
  2 ufetubi (D:6)
  4 dart slugs
  35 orcs
  7 ball pythons
  5 bats
  15 endoplasms
  2 giant cockroaches
  10 goblins
  4 hobgoblins
  6 jackals (D:2)
  36 kobolds
  4 quokkas
  3 frilled lizards
  9 rats
321 creatures vanquished.

Vanquished Creatures (others)
  A black bear (D:4)
  An orc wizard (D:4)
2 creatures vanquished.

Grand Total: 323 creatures vanquished

Notes
Turn   | Place    | Note
-------+----------+-------------------------------------------
     0 | D:1      | CougarLife the Gargoyle Earth Elementalist began the quest
                  | for the Orb.
     0 | D:1      | Reached XP level 1. HP: 10/10 MP: 3/3
   429 | D:1      | Reached XP level 2. HP: 13/15 MP: 1/5
   705 | D:1      | Reached skill level 4 in Earth Magic
  1325 | D:2      | Found Niuzoefa's Distillery.
  1330 | D:2      | Reached XP level 3. HP: 19/19 MP: 3/6
  1945 | D:2      | Reached XP level 4. HP: 24/24 MP: 5/8
  1987 | D:2      | You fall into a shaft and drop 1 floor!
  1993 | D:3      | Found an iron altar of Okawaru.
  2191 | D:4      | Noticed Sigmund
  2200 | D:4      | Killed Sigmund
  2201 | D:4      | Reached skill level 5 in Earth Magic
  2201 | D:4      | Reached XP level 5. HP: 13/28 MP: 0/10
  2201 | D:4      | Reached XP level 6. HP: 15/32 MP: 0/11
  2307 | D:4      | Noticed a black bear
  2906 | D:3      | Noticed Ijyb
  2912 | D:3      | Killed Ijyb
  2978 | D:3      | Learned a level 3 spell: Stone Arrow
  3299 | D:4      | Found a shimmering altar of Xom.
  3307 | D:4      | Killed a black bear
  3863 | D:4      | Reached skill level 6 in Earth Magic
  3863 | D:4      | Reached XP level 7. HP: 36/36 MP: 10/13
  3896 | D:4      | Found an opulent altar of Gozag.
  4037 | D:5      | Entered Level 5 of the Dungeon
  4210 | D:5      | Reached skill level 5 in Conjurations
  4456 | D:5      | Reached skill level 5 in Spellcasting
  4456 | D:5      | Reached skill level 7 in Earth Magic
  4456 | D:5      | Reached XP level 8. HP: 27/41 MP: 12/15
  4779 | D:5      | Identified the +3 halberd "Osavegud" {flame, Int+3}
  5532 | D:4      | Became a worshipper of Gozag Ym Sagoz the Greedy
  5618 | D:6      | Found a shadowy altar of Dithmenos.
  5637 | D:6      | Found a staircase to the Ecumenical Temple.
  5650 | D:6      | Noticed Edmund
  5655 | D:6      | Killed Edmund
  5765 | Temple   | Entered the Ecumenical Temple
  5840 | D:6      | Found Dumaik Lato's Jewellery Emporium.
  5840 | D:6      | Noticed Prince Ribbit
  5847 | D:6      | Killed Prince Ribbit
  5848 | D:6      | Reached skill level 8 in Earth Magic
  5886 | D:6      | Bought a ring of see invisible for 210 gold pieces
  6202 | D:6      | Found Zopsid's Antique Weapon Boutique.
  6246 | D:6      | Found Beb Cus's Assorted Antiques.
  6279 | D:6      | Found Rehe's Magic Scroll Boutique.
  6287 | D:6      | Bought a scroll of identify for 26 gold pieces
  6598 | D:6      | Reached XP level 9. HP: 38/45 MP: 14/18
  6675 | D:6      | Found Muewe's Antique Armour Shop.
  6831 | D:7      | Found the +2 shield of Resistance {rF++ rC++ Will++}
  6877 | D:7      | Noticed Jeremiah
  6901 | D:7      | Killed Jeremiah
  6949 | D:7      | Reached skill level 9 in Earth Magic
  7192 | D:7      | Noticed Joseph
  7222 | D:7      | Killed Joseph
  7763 | D:7      | Found a white marble altar of Elyvilon.
  7923 | D:7      | Reached skill level 10 in Earth Magic
  7960 | D:7      | Noticed Pikel
  7994 | D:7      | Killed Pikel
  7995 | D:7      | Reached XP level 10. HP: 46/50 MP: 10/21
  8069 | D:7      | Found a broken altar of Ashenzari.
  8673 | D:8      | Found Howen's Lightly-Used Armoury.
  8681 | D:8      | Reached skill level 1 in Shields
  8718 | D:8      | Noticed Psyche
  8723 | D:8      | Killed Psyche
  8725 | D:8      | Found Vuat Olo's Weapon Shoppe.
  8799 | D:8      | Found a staircase to the Lair.
  8805 | D:8      | Found a radiant altar of Vehumet.
  8806 | D:8      | Found a hazy altar of Hepliaklqana.
  9801 | D:9      | Found an ornate altar of the Wu Jian Council.
  9855 | D:9      | Reached skill level 11 in Earth Magic
  9859 | D:9      | Reached skill level 5 in Shields
  9975 | D:9      | Reached XP level 11. HP: 45/54 MP: 5/23
 10044 | D:9      | Found an ancient bone altar of Kikubaaqudgha.
 10170 | D:9      | Found a flagged portal.
 10184 | Bailey   | Entered a bailey
 10698 | Bailey   | Identified the +7 trident "Xekoafikk" {drain, rPois rN+}
 10700 | Bailey   | Identified the +0 plate armour of the Game of Kings {Str+5
                  | Dex-2}
 10871 | D:9      | Reached skill level 10 in Conjurations
 10969 | D:9      | Found a burning altar of Makhleb.
 11021 | D:10     | Entered Level 10 of the Dungeon
 11160 | D:10     | Noticed a two-headed ogre
 11165 | D:10     | Killed a two-headed ogre
 11451 | D:10     | Noticed a two-headed ogre
 11455 | D:10     | Killed a two-headed ogre
 11734 | D:10     | Noticed Maurice
 11742 | D:10     | Killed Maurice
 11811 | D:10     | Noticed Grum
 11816 | D:10     | Killed Grum
 12058 | D:10     | Reached skill level 12 in Earth Magic
 12208 | D:10     | Found a blossoming altar of Fedhas.
 12485 | D:10     | Noticed Snorg
 12490 | D:10     | Killed Snorg
 12574 | D:10     | Noticed Urug
 12594 | D:10     | Killed Urug
 12595 | D:10     | Reached XP level 12. HP: 28/59 MP: 1/25
 13050 | D:6      | Bought a crystal spear for 200 gold pieces
 13050 | D:6      | Identified the +5 spear of the Yoke {protect, rElec rC+
                  | rN+} (You bought it in a shop on level 6 of the Dungeon)
 13367 | D:11     | Found Dunwenut's Weapon Emporium.
 14013 | Lair:1   | Entered Level 1 of the Lair of Beasts
 14641 | Lair:1   | Found an ancient bone altar of Kikubaaqudgha.
 14651 | Lair:1   | Noticed Amaemon
 14702 | Lair:1   | Killed Amaemon
 14703 | Lair:1   | Reached skill level 10 in Shields
 14876 | Lair:1   | Reached skill level 10 in Spellcasting
 15301 | Lair:1   | Reached skill level 13 in Earth Magic
 15775 | Lair:1   | Demolished by a komodo dragon

Illustrated notes

Levels and vault maps discovered:
D:1:      minmay_arrival_cross, layout_basic
D:2:      layout_basic, serial_shops, shop, st_stairs_9
D:3:      layout_basic, mainiacjoe_overflow_cross_hatched, uniq_ijyb
D:4:      layout_basic, xom_confusion_cloud, nicolae_gozag_seed_capital,
          minmay_manual_moon, uniq_sigmund
D:5:      layout_layer_cave
D:6:      layout_layer_cave, grunt_dithmenos_smoke_and_mirrors,
          minmay_temple_entry_junction, serial_shops,
          nicolae_shop_competitors_out_of_business, shop, shop, shop, shop,
          serial_park_tiny_1, uniq_edmund, uniq_prince_ribbit1
D:7:      layout_loops_corners, overflow_temple_1_default, marbit_many_paths,
          hangedman_decor_lopped, eino_small_chamber_without_monster,
          uniq_jeremiah, uniq_pikel, uniq_joseph
D:8:      cheibrodos_fertilizer, layout_rooms, mainiacjoe_overflow_divided_tiny,
          lair_entry_dummy, serial_shops, nicolae_shop_bloodbath_and_beyond,
          nicolae_concentric_dashed_squares_mild, minmay_shop_damaged,
          columned_hall_lemuel, uniq_psyche
D:9:      layout_roguey, demons_altar, lemuel_round_altar,
          mainiacjoe_overflow_chevrons, enter_bailey_3
D:10:     layout_basic, fedhas_altar_2, uniq_urug, uniq_snorg, uniq_maurice,
          uniq_grum
D:11:     layout_irregular_city, serial_column_ruins, column_ruins_circle_small,
          column_ruins_hut, column_ruins_columns_straight, column_ruins_grid_4,
          column_ruins_open_tiny_water, column_ruins_open_large, serial_shops,
          nicolae_shop_tiny_statue_garden, bh_walls_and_bars
Temple:   compressed_dpeg_circular_temple
Lair:1:   layout_chaotic_city, basic_altar, uniq_amaemon
Lair:2:   layout_loops_ring, mainiacjoe_swamp_entry_angry_trees

Skill      XL: |  1  2  3  4  5  6  7  8  9 10 11 12 |
---------------+-------------------------------------+-----
Earth Magic    | 4 5 6 7 8 10 11 12 13 | 13.0
Conjurations   | 2 3 4 5 6 8 9 10 11 | 11.5
Spellcasting   | 3 4 5 6 7 8 9 10 | 10.2
Shields        | 5 9 10 | 10.7
Dodging        | |  1.5
Stealth        | |  2.1

Action                     |  1- 3 |  4- 6 |  7- 9 | 10-12 || total
---------------------------+-------+-------+-------+-------++-------
  Melee: Dagger            |     7 |     2 |    13 |       ||    22
         Halberd           |       |       |     8 |    18 ||    26
         Spear             |       |       |       |     2 ||     2
   Cast: Sandblast         |    55 |    56 |   138 |   230 ||   479
         Stone Arrow       |       |       |    20 |   143 ||   163
 Invoke: Potion Petition   |       |       |       |     1 ||     1
    Use: Scroll            |       |       |     6 |     3 ||     9
         Potion            |       |       |       |     1 ||     1
   Stab: Sleeping          |       |       |     1 |       ||     1
 Armour: Robe              |     8 |    11 |    93 |   185 ||   297
  Dodge: Dodged            |    15 |    14 |    72 |    86 ||   187
  Block: Kite shield       |       |       |       |    79 ||    79

Table legend: (Time is in decaauts)
 A = Elapsed time spent in this place.
 B = Non-inter-level travel time spent in this place.
 C = Inter-level travel time spent in this place.
 D = Time resting spent in this place.
 E = Time spent auto-exploring this place.
 F = Levels seen in this place.
 G = Mean time per level.
                   A        B        C        D        E       F      G
               +--------+--------+--------+--------+--------+-----+--------+
         Total |  16051 |  15263 |    788 |   2921 |   9296 |  15 | 1070.1 |
       Dungeon |  14047 |  13271 |    776 |   2272 |   8680 |  11 | 1277.0 |
        Temple |      6 |      6 |      0 |      0 |      0 |   1 |    6.0 |
          Lair |   1437 |   1425 |     12 |    423 |    572 |   2 |  718.5 |
        Bailey |    560 |    560 |      0 |    225 |     44 |   1 |  560.0 |
               +--------+--------+--------+--------+--------+-----+--------+

Top non-repeatable levels by time:
    D:10: 2036 daAuts
     D:7: 1859 daAuts
     D:8: 1610 daAuts
     D:5: 1517 daAuts
  Lair:1: 1430 daAuts
     D:6: 1341 daAuts
     D:1: 1336 daAuts
     D:2: 958 daAuts
     D:4: 952 daAuts
     D:3: 896 daAuts
    D:11: 790 daAuts
     D:9: 747 daAuts
  Bailey: 560 daAuts
  Temple: 6 daAuts
  Lair:2: 6 daAuts
